Map: Oxide LE

Players

SlayerMarine

  • Race: Terran Terran
  • League: Master
  • Spawn Location: 7:00

Pumba - Winner!

  • Race: Zerg Zerg
  • League: Master
  • Spawn Location: 1:00

VOD

Have the link to the VOD?

Description

Time

  • Played on: Sept. 14, 2021, 6:11 p.m.
  • Length: 15:40
Show
View Real Time Build Order
Export as new Build Order

SlayerMarine Terran 

Build Orders: Liberator Opening, Reaper Expand 

Get SALT Encoding   

  12  0:01  SCV  
  13  0:13  SCV  
  14  0:17  Supply Depot  
  14  0:25  SCV  
  15  0:39  SCV  
  15  0:40  Barracks  
  16  0:43  Refinery  
  16  0:51  SCV  
  17  1:03  SCV  
  18  1:15  SCV  
  19  1:28  Reaper, Orbital Command  
  20  1:43  Command Center  
  20  1:52  Supply Depot  
  20  1:56  SCV  
  20  2:01  Barracks Reactor  
  21  2:08  SCV  
  22  2:16  Refinery  
  22  2:20  SCV  
  22  2:21  Factory  
  23  2:32  SCV  
  24  2:44  Marine x2  
  24  2:45  SCV  
  27  2:57  SCV, Orbital Command  
  28  3:07  Starport  
  28  3:14  Hellion x2  
  28  3:15  Barracks Tech Lab  
  32  3:21  SCV  
  32  3:25  SCV  
  32  3:26  Supply Depot  
  34  3:33  SCV  
  35  3:37  Bunker  
  35  3:39  SCV  
  35  3:45  Liberator  
  35  3:46  Marine x2  
  39  3:48  SCV  
  39  3:50  Siege Tank  
  39  3:51  Refinery, SCV  
  39  3:55  Bunker  
  44  4:01  SCV  
  45  4:03  SCV, Marine x2  
  48  4:14  SCV  
  48  4:16  SCV  
  50  4:21  Barracks  
  50  4:22  Barracks  
  50  4:26  SCV  
  50  4:28  SCV  
  52  4:31  Marine  
  52  4:32  Starport Tech Lab, Marine  
  52  4:33  Starport Reactor  
  52  4:34  Siege Tank  
  52  4:36  Supply Depot  
  54  4:43  Supply Depot  
  52  4:47  Supply Depot  
  52  4:48  SCV x2  
  54  4:55  Engineering Bay  
  54  4:57  Marine x2  
  54  4:58  Supply Depot  
  56  5:00  SCV x2  
  58  5:12  SCV  
  62  5:17  Marine x2  
  62  5:18  Marine x2  
  62  5:20  SCV  
  64  5:23  Factory Tech Lab  
  64  5:24  SCV  
  64  5:25  Stimpack  
  64  5:26  Marine  
  66  5:29  Terran Infantry Weapons Level 1, Starport Reactor  
  66  5:31  Refinery  
  66  5:35  SCV, Marine x2  
  66  5:36  SCV, Marine  
  68  5:43  Command Center  
  68  5:51  Engineering Bay  
  68  5:52  Marine x2  
  68  5:53  Marine  
  68  5:55  Supply Depot  
  68  5:56  Siege Tank  
  74  6:00  Marine x2  
  76  6:05  Supply Depot  
  76  6:06  Medivac  
  76  6:07  Medivac  
  76  6:10  SCV, Marine  
  82  6:11  SCV  
  82  6:17  Supply Depot, Terran Infantry Armor Level 1  
  83  6:19  Marine x3  
  83  6:21  Marine  
  87  6:28  SCV x2, Siege Tank  
  87  6:31  Marine  
  87  6:32  Supply Depot  
  93  6:39  Medivac  
  96  6:40  Medivac  
  97  6:50  Barracks, Marine  
  97  6:52  Barracks  
  97  6:53  SCV x2  
  100  6:56  Supply Depot  
  100  7:00  Siege Tank  
  103  7:02  Armory  
  103  7:07  Marine  
  103  7:08  Marine  
  105  7:09  Sensor Tower  
  105  7:20  Marine x3  
  99  7:24  Medivac  
  99  7:25  Marine x2  
  99  7:28  SCV x2  
  105  7:31  SCV  
  105  7:32  Siege Tank  
  105  7:35  Refinery  
  109  7:37  Factory  
  109  7:38  Marine x2  
  105  7:53  SCV  
  105  7:54  SCV, Orbital Command  
  105  7:57  Terran Infantry Weapons Level 2  
  105  7:58  Terran Vehicle Weapons Level 1  
  107  7:59  Barracks Tech Lab x2  
  107  8:05  Refinery  
  104  8:16  Sensor Tower  
  104  8:18  Marine x3  
  104  8:19  Marine x4  
  111  8:24  Medivac, Siege Tank  
  111  8:25  Medivac  
  118  8:27  Factory Tech Lab  
  118  8:28  Supply Depot  
  118  8:36  Marine x3  
  118  8:40  Command Center, Marine  
  122  8:46  Missile Turret  
  122  8:48  Marine  
  122  8:49  Marauder  
  122  8:53  Marine  
  122  8:54  Marine  
  127  8:59  Marine  
  127  9:00  Siege Tank  
  131  9:06  Marauder  
  131  9:10  Marauder, Marine  
  131  9:11  Marauder  
  116  9:25  Marine  
  116  9:26  Siege Tank  
  116  9:31  Marauder, Marine  
  116  9:32  Barracks x2  
  116  9:34  Barracks, Marine  
  116  9:35  Siege Tank, Marauder  
  116  9:37  SCV x2  
  124  9:38  Combat Shield  
  124  9:41  Marine  
  122  9:46  Marauder, Marine  
  122  9:49  SCV  
  122  9:50  SCV x2  
  122  9:52  Marine  
  122  10:04  Marine  
  122  10:05  Marauder  
  109  10:09  Marine  
  109  10:10  Marauder  
  109  10:11  Marine x2  
  109  10:13  Siege Tank x2  
  105  10:23  Marine x2  
  105  10:24  Barracks Tech Lab x2, Marauder  
  105  10:26  Marauder  
  110  10:31  Marauder, Marine  
  110  10:33  Marine  
  110  10:41  Medivac x2  
  110  10:42  Marine x2  
  108  10:44  Planetary Fortress  
  108  10:49  SCV x2  
  111  10:50  SCV, Barracks Tech Lab  
  111  11:01  SCV, Marine x2  
  111  11:02  Missile Turret  
  111  11:04  Missile Turret  
  114  11:05  Refinery  
  114  11:07  Marine  
  114  11:08  Marauder, Marine  
  114  11:09  Marauder, Marine  
  114  11:11  Marine  
  121  11:12  Marauder  
  121  11:15  Refinery  
  121  11:18  Marine  
  117  11:19  Marine  
  119  11:27  Marauder  
  119  11:29  Marauder, Marine  
  119  11:30  Marauder  
  119  11:31  Marauder, Marine  
  119  11:33  Marauder, Marine  
  119  11:35  Siege Tank  
  123  11:41  Marine  
  112  11:47  Marine  
  112  11:48  Marauder  
  112  11:51  Marauder x2, Marine x2  
  112  11:52  Siege Tank  
  110  11:55  SCV  
  110  11:56  SCV  
  111  12:03  SCV x2  
  111  12:07  SCV  
  111  12:08  Terran Infantry Armor Level 2  
  100  12:16  Marine x2  
  100  12:17  Marauder x2  
  100  12:22  Marine x2  
  102  12:23  Marauder  
  102  12:26  Medivac  
  102  12:27  Medivac  
  106  12:30  SCV x2  
  106  12:31  SCV x2  
  110  12:41  Terran Infantry Weapons Level 3  
  110  12:42  Marine  
  110  12:43  Marauder, Marine  
  114  12:51  Marine  
  114  12:52  Marauder  
  114  12:55  Marauder, Marine x2  
  121  13:02  Marine x2  
  121  13:03  Marauder  
  121  13:04  Marine  
  128  13:09  Marine  
  128  13:10  SCV x2  
  131  13:13  Marauder  
  131  13:16  Marine x2  
  131  13:17  Marauder  
  131  13:19  Liberator x2  
  134  13:32  Marine  
  134  13:33  Marauder  
  125  13:35  Marine  
  125  13:36  Marauder, Marine  
  125  13:39  Siege Tank x2  
  128  13:41  Marine  
  126  13:56  Marine  
  126  13:57  Marauder  
  126  14:02  Medivac  
  126  14:06  Marine  
  126  14:07  Marauder  
  126  14:16  Marine x2  
  126  14:17  Marauder  
  126  14:21  Siege Tank  
  129  14:32  Orbital Command  
  129  14:36  Sensor Tower, Marine  
  129  14:37  Marauder  
  132  14:42  Marauder, Marine  
  132  14:45  SCV x3  
  138  14:56  Marine  
  138  14:57  SCV x2, Marauder  
  143  15:01  Marine x2  
  122  15:14  Marine x2  
  122  15:15  Marauder x2  
Show
View Real Time Build Order
Export as new Build Order

Pumba Zerg - Winner!

Build Orders: Hatch First 

Get SALT Encoding   

  12  0:01  Drone  
  13  0:13  Overlord  
  13  0:19  Drone  
  14  0:32  Drone x2  
  16  0:48  Hatchery  
  15  0:53  Drone  
  15  0:55  Drone  
  17  1:03  Drone  
  18  1:13  Extractor  
  18  1:17  Spawning Pool  
  16  1:19  Drone  
  16  1:21  Drone  
  18  1:29  Drone  
  19  1:42  Overlord  
  19  1:56  Drone  
  20  2:04  Queen x2  
  20  2:05  Zergling x4  
  26  2:16  Drone x2  
  28  2:23  Drone  
  28  2:27  Roach Warren  
  28  2:30  Spore Crawler  
  26  2:48  Drone x2  
  26  2:51  Overlord  
  28  2:56  Drone x3  
  31  2:58  Queen  
  33  3:09  Drone x2  
  35  3:19  Extractor  
  34  3:20  Drone x2  
  34  3:21  Drone x5  
  42  3:36  Hatchery  
  41  3:45  Drone x3  
  41  3:46  Overlord  
  44  3:57  Overlord  
  44  4:02  Extractor  
  43  4:03  Extractor  
  43  4:05  Roach  
  43  4:06  Queen  
  48  4:17  Drone x3  
  48  4:18  Drone x2  
  48  4:19  Lair  
  48  4:21  Extractor  
  48  4:22  Drone x3  
  53  4:35  Drone x2  
  53  4:36  Drone  
  53  4:37  Drone x2  
  58  4:48  Overlord x4  
  58  4:52  Spore Crawler  
  57  4:53  Spore Crawler  
  57  4:59  Drone x5  
  62  5:00  Drone  
  62  5:12  Drone  
  63  5:14  Drone x2  
  63  5:15  Spore Crawler  
  63  5:17  Overlord  
  64  5:21  Queen  
  64  5:24  Drone x5  
  64  5:27  Drone x2  
  73  5:38  Glial Reconstitution  
  73  5:41  Infestation Pit  
  72  5:42  Evolution Chamber  
  72  5:43  Extractor x2  
  72  5:45  Roach x2  
  72  5:46  Roach x4  
  81  5:59  Drone x2  
  81  6:03  Drone x3  
  86  6:06  Drone x2  
  86  6:07  Drone  
  89  6:12  Zerg Ground Armor Level 1  
  89  6:15  Overlord x2, Evolution Chamber  
  89  6:16  Overlord x2  
  88  6:26  Infestor  
  88  6:27  Infestor x3  
  88  6:32  Pathogen Glands  
  96  6:35  Drone x3  
  96  6:38  Overlord x2  
  96  6:39  Roach  
  105  6:40  Roach x2  
  105  6:41  Zerg Missile Weapons Level 1  
  105  6:51  Overlord  
  105  6:57  Roach x3  
  110  7:02  Hatchery, Ravager x2  
  110  7:03  Roach x3  
  117  7:10  Roach x4  
  117  7:14  Roach x2  
  125  7:26  Roach x7  
  125  7:28  Overlord  
  125  7:29  Overlord  
  139  7:34  Roach x2  
  139  7:35  Roach  
  145  7:41  Overlord  
  145  7:42  Overlord  
  145  8:12  Infestor x3  
  145  8:13  Infestor  
  145  8:16  Roach x13  
  179  8:26  Overseer  
  174  8:30  Extractor  
  174  8:31  Extractor  
  172  8:35  Drone x3  
  172  8:36  Drone x3  
  178  8:41  Zerg Ground Armor Level 2  
  178  8:42  Zerg Missile Weapons Level 2  
  178  8:48  Overlord  
  178  8:49  Overlord x2  
  178  8:56  Roach x2  
  178  9:00  Overlord x2  
  182  9:20  Roach x8  
  193  9:24  Drone x3  
  193  9:27  Roach x2  
  199  9:33  Spore Crawler  
  199  9:34  Spore Crawler  
  199  9:35  Spore Crawler x2  
  195  9:48  Roach x2  
  195  9:49  Hive  
  195  9:52  Spire  
  91  10:18  Roach x10  
  106  10:25  Roach x8  
  118  10:35  Roach x4  
  122  10:44  Queen  
  122  10:45  Drone x2  
  122  10:46  Drone x2  
  128  10:55  Roach x6  
  140  10:59  Ravager x3  
  140  11:00  Ravager  
  140  11:03  Roach x4  
  146  11:21  Hatchery, Extractor  
  146  11:23  Extractor  
  146  11:24  Roach x11  
  147  11:43  Roach x6  
  147  11:44  Roach  
  159  11:49  Infestor x4  
  151  11:54  Roach x2  
  137  12:02  Infestor  
  137  12:05  Roach x3  
  127  12:20  Roach x10  
  131  12:23  Greater Spire  
  131  12:28  Queen  
  133  12:38  Infestor x2  
  133  12:42  Corruptor  
  133  12:43  Corruptor  
  139  12:50  Corruptor  
  141  13:09  Corruptor x3  
  152  13:13  Roach x4  
  139  13:28  Roach x7  
  153  13:36  Brood Lord x2  
  153  13:41  Brood Lord  
  155  13:51  Brood Lord  
  148  14:07  Brood Lord x2  
  144  14:37  Hatchery  
  143  14:40  Hatchery  
  142  14:52  Corruptor  
Tags
 
Add a new tag
Caveats
  • Supply blocks, unpowered buildings, or Contaminate may cause inaccurate times.
  • Supply counts are checked every 10 seconds.